 Dungeon Crawl Stone Soup version 0.31-a0-188-g5e087ee2ca (webtiles) character file.

Game seed: 534173247369936400

87 qw the Shooter (level 4, -2/25 HPs)
             Began as a Deep Elf Hunter on June 23, 2023.
             Killed by nerve-wracking pain
             ... invoked by Grinder
              (11 damage)
             ... while paralysed by Grinder
             ... on level 3 of the Dungeon.
             The game lasted 00:00:33 (1353 turns).

qw the Shooter (Deep Elf Hunter)                    Turns: 1353, Time: 00:00:33

Health: -2/25      AC:  7    Str: 10    XL:     4   Next: 28%
Magic:  6/6        EV:  2    Int: 14    God:
Gold:   131        SH:  0    Dex: 18    Spells: 3/3 levels left

rFire   . . .        Y - +0 shortbow
rCold   . . .        (shield currently unavailable)
rNeg    . . .        f - +0 scale mail
rPois   .            (no helmet)
rElec   .            i - +0 cloak
rCorr   .            (no gloves)
SInv    .            (no boots)
Will    .....        (no amulet)
Stlth   +            (no ring)
HPRegen 0.24/turn    (no ring)
MPRegen 0.10/turn

%: no passive effects
@: paralysed
A: no striking features
a: no special abilities


You were on level 3 of the Dungeon.
You visited 1 branch of the dungeon, and saw 3 of its levels.

You collected 131 gold pieces.


   Skills:
 - Level 1.5 Fighting
 + Level 7.7 Ranged Weapons
 - Level 2.4 Dodging
 - Level 1.2 Stealth


You had 3 spell levels left.
You didn't know any spells.
Your spell library was empty.

Inventory:

Hand Weapons
 Y - a +0 shortbow (weapon)
Armour
 c - a +2 pair of boots of rampaging
 f - a +0 scale mail (worn)
 i - a +0 cloak (worn)
Potions
 a - a potion of lignification {unknown}
 b - a potion of brilliance {unknown}
 d - a potion of heal wounds {unknown}
 h - a potion of enlightenment {unknown}
 j - a potion of degeneration {unknown}
 k - a potion of curing {unknown}

Dungeon Overview and Level Annotations

Branches:
Dungeon (3/15)

Altars:
Fedhas
Kikubaaqudgha
Ru
Uskayaw

Shops:
D:2 (

Annotations:
D:3 Grinder


Message History

You kill the kobold!
There is a stone staircase leading up here.
Things that are here:
a +0 whip; a kobold corpse
Found a chain mail.
Enter note:
Enter note: A giant cockroach comes into view.
Found 2 gold pieces.
Enter note:
Enter note: You shoot an arrow.
The arrow hits the giant cockroach!
You kill the giant cockroach!
Found a hand axe.
Enter note:
Enter note:
Found a sacrificial altar of Ru.
You now have 131 gold pieces (gained 2).
You see here a giant cockroach corpse.
Enter note:
Enter note: Grinder comes into view.
Found a black potion.
Enter note:
Enter note: You shoot an arrow.
The arrow hits Grinder.
Grinder is lightly wounded.
You shoot an arrow. The arrow barely misses Grinder.
Grinder blinks!
You shoot an arrow. The arrow closely misses Grinder.
Grinder blinks!
You shoot an arrow.
The arrow hits Grinder but does no damage.
Grinder is lightly wounded.
Grinder gestures at you.
You suddenly lose the ability to move!
Grinder hits you.
You writhe in agony.
Grinder hits you.
You writhe in agony.
Grinder gestures at you. Pain shoots through your body!
You die...

........#......#
###.###.#####.##
#. #.# #.###.# #.
#.....# #.##### .
#.# #...###%#####
#......._.######
..........@.......
##......###5..####
##.###.# ...# #
...#)#.# ...# # #
###.###.. ...# #
.# #.....# .!..
###.# #####.#
...## ..... ...#
..#####


You could see Grinder.

Vanquished Creatures
  3 gnolls (D:3)
  An adder (D:2)
  A dart slug (D:1)
  3 endoplasms (D:1)
  A giant cockroach (D:3)
  6 goblins
  4 hobgoblins
  3 quokkas
  6 ball pythons
  6 bats
  6 kobolds
  3 rats
43 creatures vanquished.

Notes
Turn   | Place    | Note
-------+----------+-------------------------------------------
     0 | D:1      | qw the Deep Elf Hunter began the quest for the Orb.
     0 | D:1      | Reached XP level 1. HP: 12/12 MP: 3/3
     0 | D:1      | 0 ||| qw: Version: 0.3-a-9-g12657ce
     0 | D:1      | 0 ||| qw: Game counter: 4282
     0 | D:1      | 0 ||| qw: Always use a shield: true
     0 | D:1      | 0 ||| qw: God list: Okawaru
     0 | D:1      | 0 ||| qw: Allow faded altars: false
     0 | D:1      | 0 ||| qw: Do Orc after D:15 true
     0 | D:1      | 0 ||| qw: Do second Lair branch before Depths: true
     0 | D:1      | 0 ||| qw: Lair rune preference: random
     0 | D:1      | 0 ||| qw: Plans: Normal
     0 | D:1      | 0 ||| PLANNING D:1-11
   154 | D:1      | Found a faded altar of an unknown god.
   204 | D:1      | Reached XP level 2. HP: 16/16 MP: 4/4
   248 | D:1      | Reached skill level 6 in Ranged Weapons
   539 | D:1      | You fall into a shaft and drop 1 floor!
   554 | D:2      | 554 ||| DROPPING +6 ring of intelligence.
   555 | D:2      | 555 ||| READING scroll labelled BYMAIXUSMA.
   556 | D:2      | 556 ||| READING scroll labelled ITITEACESA.
   557 | D:2      | 557 ||| DROPPING scroll of butterflies.
   787 | D:2      | Reached XP level 3. HP: 20/20 MP: 5/5
   913 | D:2      | Reached skill level 7 in Ranged Weapons
   940 | D:2      | Found a hide-covered altar of Uskayaw.
   999 | D:2      | Found Hafifus's Weapon Boutique.
  1130 | D:2      | 1130 ||| UPGRADING to +0 scale mail.
  1140 | D:2      | 1140 ||| DROPPING +0 leather armour.
  1141 | D:2      | 1141 ||| UPGRADING to +0 cloak.
  1146 | D:2      | 1146 ||| DROPPING ring of flight.
  1147 | D:2      | 1147 ||| READING scroll labelled XAD ZOKUVO.
  1148 | D:2      | 1148 ||| DRINKING 2 murky purple potions.
  1149 | D:2      | 1149 ||| DROPPING potion of attraction.
  1173 | D:3      | Found a blossoming altar of Fedhas.
  1173 | D:3      | Found an ancient bone altar of Kikubaaqudgha.
  1266 | D:3      | Reached XP level 4. HP: 25/25 MP: 6/6
  1342 | D:3      | Found a sacrificial altar of Ru.
  1347 | D:3      | Noticed Grinder
  1351 | D:3      | Paralysed by Grinder for 5 turns
  1353 | D:3      | Killed from afar by Grinder

Levels and vault maps discovered:
D:1:      dpeg_arrival_refuge, layout_loops_ring,
          chequers_ecumenical_altar_twisty
D:2:      layout_rooms, basic_altar, serial_shops, shop
D:3:      layout_loops_ring, grunt_temple_overflow_growth_and_decay,
          lemuel_doored_altar, overflow_temple_1_default, item_on_display_a,
          uniq_grinder

Skill      XL: |  1  2  3 |
---------------+----------+-----
Ranged Weapons | 6 7 |  7.7
Fighting       | |  1.5
Dodging        | |  2.4
Stealth        | |  1.2

Action                     |  1- 3 |  4- 6 || total
---------------------------+-------+-------++-------
   Fire: Shortbow          |   104 |    15 ||   119
    Use: Scroll            |     3 |       ||     3
         Potion            |     1 |       ||     1
 Armour: Leather armour    |     9 |       ||     9
         Scale mail        |       |     3 ||     3
  Dodge: Dodged            |    18 |     2 ||    20

Table legend:
 A = Non-vault XP
 B = Vault XP
 C = Vault XP percentage of total XP
 D = Non-vault monster count
 E = Vault monster count
 F = Vault count percentage of total count
                 A         B        C        D         E       F
            +---------+---------+-------+---------+---------+-------
      Total |     125 |       0 |   0.0 |      43 |       0 |   0.0
            +---------+---------+-------+---------+---------+-------
        D:1 |      34 |       0 |   0.0 |      18 |       0 |   0.0
        D:2 |      39 |       0 |   0.0 |      16 |       0 |   0.0
        D:3 |      52 |       0 |   0.0 |       9 |       0 |   0.0
            +---------+---------+-------+---------+---------+-------
